 Dungeon Crawl Stone Soup version 0.23.2-30-g0e89c35649 (webtiles) character file.

Game seed: 9302453372730694052

79 CheeseeCupcake the Vandal (level 4, 0/27 HPs)
             Began as a Kobold Hunter on June 8, 2019.
             Succumbed to an adder's poison
             ... on level 3 of the Dungeon.
             The game lasted 00:05:23 (1855 turns).

CheeseeCupcake the Vandal (Kobold Hunter)           Turns: 1855, Time: 00:05:24

Health: 0/27       AC:  5    Str: 10    XL:     4   Next: 62%
Magic:  4/4        EV: 14    Int: 12    God:
Gold:   82         SH:  0    Dex: 15    Spells: 3/3 levels left

rFire    . . .     SeeInvis .   a - +1 hunting sling
rCold    . . .     Gourm    .   (shield restricted)
rNeg     . . .     Faith    .   i - +0 ring mail (curse)
rPois    .         Spirit   .   (no helmet)
rElec    .         Reflect  .   (no cloak)
rCorr    .         Harm     .   (no gloves)
MR       .....                  (no boots)
Stlth    +.........             (no amulet)
HPRegen  0.09/turn              (no ring)
MPRegen  0.09/turn              (no ring)

@: lethally poisoned (0 -> -11)
A: small, carnivore
a: no special abilities


You were on level 3 of the Dungeon.
You were full.

You visited 1 branch of the dungeon, and saw 3 of its levels.

You collected 82 gold pieces.

Inventory:

Hand Weapons
 a - a +1 hunting sling (weapon)
 b - a +0 short sword
Missiles
 d - 29 sling bullets (quivered)
 h - 37 stones
Armour
 c - a +0 leather armour
 i - a cursed +0 ring mail (worn)
Scrolls
 e - 2 scrolls of magic mapping {unknown}
 g - a scroll of fog {unknown}
 j - 3 scrolls of identify {unknown}
 k - a scroll of immolation {unknown}
 m - a scroll of amnesia {unknown}
 n - a scroll of fear {unknown}
Potions
 l - a potion of lignification {unknown}
Comestibles
 f - 6 rations


   Skills:
 + Level 2.6 Fighting
 + Level 5.0 Slings
 + Level 0.5 Armour
 * Level 3.3 Dodging
 - Level 1.3 Stealth


You had 3 spell levels left.
You didn't know any spells.
Your spell library was empty.

Dungeon Overview and Level Annotations

Branches:
Dungeon (3/15)

Altars:
Elyvilon
Vehumet


Innate Abilities, Weirdness & Mutations

You are small and have problems with some larger weapons.
You are carnivorous and can eat meat at any time.


Message History

The adder bites you.
You are more poisoned.
The adder poisons you! The worker ant barely misses you.
You feel sick.
You feel sick.
You feel sick. The adder misses you. The worker ant bites you.
You feel sick.
You feel sick. The adder bites you.
* * * LOW HITPOINT WARNING * * *
You are more poisoned.
The adder poisons you!
* * * LOW HITPOINT WARNING * * *
You feel sick.
* * * LOW HITPOINT WARNING * * *
You feel sick. The adder misses you.
* * * LOW HITPOINT WARNING * * *
You feel sick.
There is a stone staircase leading up here.
You die...

###############
######.............#
..#.............#†# .
#.#.#<#####.#.###.#
.###.#.#.#####.#...#.#
................@S..>#
.#.#...#.#...#....a..####
.......#.#...#.###......#
##.....#.#...#.# #.#.##.#
.......#.#.....# #......#
.#....##>#.#########.####.#
............ .............#
###.####.#.# #.......######
.... ..#.# ..#####..#######


You could see a worker ant and an adder.

Vanquished Creatures
  3 gnolls (D:2)
  A worm (D:2)
  2 dart slugs
  An orc (D:3)
  A ball python (D:2)
  A bat (D:2)
  2 giant cockroaches
  7 goblins
  4 hobgoblins
  8 jackals (D:1)
  3 frilled lizards
  3 kobolds
  2 rats
38 creatures vanquished.

Notes
Turn   | Place    | Note
-------+----------+-------------------------------------------
     0 | D:1      | CheeseeCupcake the Kobold Hunter began the quest for the
                  | Orb.
     0 | D:1      | Reached XP level 1. HP: 12/12 MP: 1/1
   292 | D:1      | Reached XP level 2. HP: 18/18 MP: 2/2
   557 | D:1      | Reached XP level 3. HP: 22/22 MP: 3/3
  1280 | D:2      | Reached XP level 4. HP: 27/27 MP: 4/4
  1351 | D:2      | Reached skill level 5 in Slings
  1481 | D:3      | Found a white marble altar of Elyvilon.
  1718 | D:3      | Found a radiant altar of Vehumet.
  1854 | D:3      | HP: 1/27 [poisoned by an adder]
  1855 | D:3      | Succumbed to an adder's poison

Skill      XL: |  1  2  3  4 |
---------------+-------------+-----
Dodging        | 3 |  3.3
Slings         | 5 |  5.0
Fighting       | |  2.6
Armour         | |  0.5
Stealth        | |  1.3

Action                   |  1- 3 |  4- 6 || total
-------------------------+-------+-------++-------
 Fire: Hunting sling     |    92 |    37 ||   129
  Eat: Chunk             |     8 |       ||     8
Armor: Ring mail         |     8 |     4 ||    12
       Leather armour    |     2 |       ||     2
Dodge: Dodged            |    23 |     8 ||    31
